General information
- name: BNet
- type: Ladder team game (AT/RT)
- host: Battle.net
- saver: InvisibleDryad
map: Battleground
- players: 8
- length: 24:58
- speed: Fast
- version: 1.26 W3XP
- replay type: Public
» download(137 KB)
Players
team 1 (winner)
InvisibleDryad (
blue | 83 APM | 2064 actions | 24:58)
4 Priestess of the Moon
2 Trueshot Aura
1 Searing Arrows
1 Starfall
3 Demon Hunter
2 Mana Burn
1 Immolation
» actions
| Assign group hotkey | 51 | |
| Build / train | 93 | |
| Enter build submenu | 24 | |
| Enter hero's abilities submenu | 8 | |
| Right click | 1110 | |
| Select / deselect | 472 | |
| Select group hotkey | 272 | |
| Use ability | 34 | |
2064 total
» units
| Wisp | 17 | |
| Archer | 2 | |
| Huntress | 14 | |
| Dryad | 26 | |
| Druid of the Claw | 6 | |
65 total
» upgrades
| Abolish Magic | 2 | |
| Strength of the Wild | 1 | |
| Reinforced Hides | 1 | |
| Druid of the Claw Training | 2 | |
6 total
» buildings
| Altar of Elders | 2 | |
| Moon Well | 8 | |
| Hunter's Hall | 1 | |
| Ancient of War | 2 | |
| Tree of Ages | 7 | |
| Ancient of Lore | 5 | |
| Tree of Eternity | 4 | |
29 total
» build order
00:34 Altar of Elders
00:36 Altar of Elders
00:38 Moon Well
01:27 Hunter's Hall
02:01 Ancient of War
02:32 Ancient of War
03:23 Moon Well
03:27 Moon Well
03:43 Tree of Ages
03:44 Tree of Ages
03:51 Tree of Ages
03:51 Tree of Ages
03:51 Tree of Ages
04:31 Moon Well
06:36 Ancient of Lore
06:39 Ancient of Lore
07:47 Tree of Eternity
07:49 Ancient of Lore
08:44 Ancient of Lore
09:19 Tree of Eternity
09:19 Tree of Eternity
10:32 Moon Well
10:34 Moon Well
11:22 Moon Well
11:48 Moon Well
13:38 Ancient of Lore
justquitnow (
yellow | 56 APM | 1386 actions | 24:40)
6 Far Seer
3 Feral Spirit
2 Chain Lighting
1 Earth Quake
1 Demon Hunter
1 Immolation
5 Shadow Hunter
3 Healing Wave
2 Hex
» actions
| Assign group hotkey | 33 | |
| Basic commands | 129 | |
| Build / train | 75 | |
| ESC pressed | 2 | |
| Enter build submenu | 23 | |
| Enter hero's abilities submenu | 13 | |
| Give item / drop item | 3 | |
| Right click | 300 | |
| Select / deselect | 249 | |
| Select group hotkey | 419 | |
| Use ability | 140 | |
1386 total
» units
| Peon | 8 | |
| Wisp | 4 | |
| Archer | 1 | |
| Grunt | 4 | |
| Troll Headhunter/Berserker | 3 | |
| Raider | 1 | |
| Troll Witch Doctor | 3 | |
| Shaman | 2 | |
| Wind Rider | 5 | |
| Forest Troll Shadow Priest | 2 | |
| Ogre Mauler | 1 | |
| Demolisher | 2 | |
| Troll Batrider | 1 | |
37 total
» upgrades
| Ranged Weapons | 3 | |
| Armor | 1 | |
| Ensnare | 1 | |
| Witch Doctor Training | 2 | |
| Shaman Training | 2 | |
| Berserker Strength | 1 | |
| Berserker Upgrade | 1 | |
| Burning Oil | 1 | |
| Envenomed Spears | 1 | |
13 total
» buildings
| Altar of Storms | 1 | |
| Orc Burrow | 9 | |
| Altar of Elders | 1 | |
| Moon Well | 3 | |
| War Mill | 1 | |
| Ancient of War | 1 | |
| Barracks | 1 | |
| Voodoo Lounge | 1 | |
| Hunter's Hall | 1 | |
| Stronghold | 1 | |
| Beastiary | 2 | |
| Spirit Lodge | 2 | |
| Fortress | 1 | |
| Watch Tower | 2 | |
| Great Hall | 1 | |
28 total
» build order
00:16 Altar of Storms
00:20 Orc Burrow
00:30 Altar of Elders
00:34 Moon Well
00:41 War Mill
01:06 Ancient of War
01:23 Barracks
01:53 Orc Burrow
02:03 Voodoo Lounge
02:07 Hunter's Hall
02:40 Moon Well
02:41 Moon Well
03:14 Stronghold
04:03 Orc Burrow
05:28 Orc Burrow
05:29 Orc Burrow
06:40 Beastiary
06:41 Beastiary
07:12 Spirit Lodge
07:13 Spirit Lodge
09:29 Fortress
14:02 Orc Burrow
14:07 Watch Tower
17:16 Orc Burrow
17:18 Orc Burrow
21:11 Great Hall
22:08 Orc Burrow
22:22 Watch Tower
» items
| Scroll of Town Portal | 2 | |
| Scroll of Speed | 1 | |
| Potion of Healing | 1 | |
4 total
13elloNa (
teal | 40 APM | 979 actions | 24:40)
6 Death Knight
3 Unholy Aura
2 Death Coil
1 Animate Dead
» actions
| Basic commands | 19 | |
| Build / train | 59 | |
| Enter build submenu | 15 | |
| Enter hero's abilities submenu | 6 | |
| Right click | 539 | |
| Select / deselect | 269 | |
| Use ability | 72 | |
979 total
» units
| Acolyte | 7 | |
| Ghoul | 4 | |
| Crypt Fiend | 12 | |
| Huntress | 2 | |
| Obsidian Statue | 3 | |
| Gargoyle | 3 | |
| Meatwagon | 2 | |
| Frost Wyrm | 2 | |
35 total
» upgrades
| Creature Attack | 2 | |
| Creature Carapace | 3 | |
| Web | 1 | |
6 total
» buildings
| Ziggurat | 7 | |
| Altar of Darkness | 1 | |
| Crypt | 1 | |
| Graveyard | 1 | |
| Tomb of Relics | 1 | |
| Halls of the Dead | 1 | |
| Slaughterhouse | 1 | |
| Spirit Tower | 4 | |
| Black Citadel | 1 | |
| Sacrificial Pit | 1 | |
| Boneyard | 2 | |
21 total
» build order
00:23 Ziggurat
00:29 Altar of Darkness
00:38 Crypt
01:13 Graveyard
01:30 Tomb of Relics
01:55 Ziggurat
04:07 Ziggurat
06:30 Halls of the Dead
09:12 Slaughterhouse
09:24 Ziggurat
09:29 Ziggurat
12:15 Spirit Tower
12:17 Spirit Tower
12:38 Spirit Tower
12:40 Spirit Tower
17:29 Black Citadel
17:40 Sacrificial Pit
22:02 Boneyard
22:13 Ziggurat
22:53 Boneyard
23:08 Ziggurat
» items
| Rod of Necromancy | 2 | |
| Scroll of Town Portal | 1 | |
| Potion of Healing | 2 | |
5 total
team 2 (loser)
the.other.side (
pink | 29 APM | 707 actions | 24:39)
6 Tauren Chieftain
2 War Stomp
3 Endurance Aura
1 Reincarnation
» actions
| Basic commands | 22 | |
| Build / train | 70 | |
| Enter build submenu | 31 | |
| Enter hero's abilities submenu | 6 | |
| Right click | 284 | |
| Select / deselect | 177 | |
| Use ability | 117 | |
707 total
» units
| Peon | 9 | |
| Grunt | 4 | |
| Troll Headhunter/Berserker | 12 | |
| Troll Witch Doctor | 9 | |
| Forest Troll Shadow Priest | 1 | |
| Forest Troll Berserker | 1 | |
| Mud Golem | 1 | |
| Ogre Mauler | 1 | |
| Wind Rider | 6 | |
| Shaman | 1 | |
45 total
» upgrades
| Witch Doctor Training | 2 | |
| Troll Regeneration | 1 | |
| Spiked Barricades | 1 | |
| Armor | 1 | |
| Ranged Weapons | 1 | |
| Shaman Training | 1 | |
7 total
» buildings
| Orc Burrow | 5 | |
| Altar of Storms | 1 | |
| Barracks | 1 | |
| War Mill | 1 | |
| Watch Tower | 16 | |
| Voodoo Lounge | 2 | |
| Stronghold | 1 | |
| Spirit Lodge | 1 | |
| Beastiary | 1 | |
| Fortress | 1 | |
| Great Hall | 1 | |
31 total
» build order
00:23 Orc Burrow
00:39 Altar of Storms
00:53 Barracks
01:20 War Mill
01:55 Orc Burrow
02:38 Watch Tower
02:56 Watch Tower
03:05 Voodoo Lounge
03:43 Watch Tower
04:30 Orc Burrow
06:46 Stronghold
06:54 Orc Burrow
07:54 Orc Burrow
08:19 Voodoo Lounge
08:40 Watch Tower
08:49 Watch Tower
08:57 Watch Tower
10:13 Spirit Lodge
10:17 Watch Tower
11:38 Watch Tower
12:19 Watch Tower
13:42 Beastiary
13:56 Fortress
14:28 Watch Tower
15:12 Watch Tower
15:43 Watch Tower
16:57 Watch Tower
17:47 Watch Tower
22:12 Watch Tower
22:24 Watch Tower
23:10 Great Hall
» items
| Scroll of Town Portal | 2 | |
| Potion of Lesser Invulnerability | 1 | |
| Healing Salve | 3 | |
| Scroll of Speed | 1 | |
| Orb of Lightning | 1 | |
8 total

»
Ruckus (
purple | 54 APM | 1065 actions | 19:48)
4 Blademaster
2 Wind Walk
2 Critical Strike
2 Shadow Hunter
1 Healing Wave
1 Hex
1 Tauren Chieftain
1 War Stomp
» actions
| Assign group hotkey | 42 | |
| Build / train | 45 | |
| Enter build submenu | 18 | |
| Enter hero's abilities submenu | 7 | |
| Remove unit from queue | 3 | |
| Right click | 570 | |
| Select / deselect | 221 | |
| Select group hotkey | 97 | |
| Use ability | 62 | |
1065 total
» units
| Peon | 13 | |
| Grunt | 9 | |
| Shaman | 2 | |
| Tauren | 2 | |
26 total
» upgrades
| Armor | 1 | |
| Melee Weapons | 1 | |
| Reinforced Defenses | 1 | |
| Pulverize | 1 | |
4 total
» buildings
| Orc Burrow | 5 | |
| Altar of Storms | 2 | |
| Barracks | 1 | |
| Voodoo Lounge | 2 | |
| War Mill | 1 | |
| Stronghold | 1 | |
| Fortress | 1 | |
| Spirit Lodge | 3 | |
| Watch Tower | 4 | |
| Tauren Totem | 1 | |
21 total
» build order
00:10 Orc Burrow
00:13 Altar of Storms
01:06 Barracks
02:23 Orc Burrow
02:26 Voodoo Lounge
03:01 Orc Burrow
03:16 Orc Burrow
03:28 War Mill
04:37 Stronghold
05:54 Orc Burrow
08:57 Fortress
10:06 Spirit Lodge
10:06 Spirit Lodge
11:26 Watch Tower
11:27 Watch Tower
11:27 Watch Tower
11:28 Watch Tower
13:16 Voodoo Lounge
14:23 Altar of Storms
15:32 Tauren Totem
17:30 Spirit Lodge
» items
| Orb of Lightning | 1 | |
| Healing Salve | 1 | |
2 total
out4uall (
red | 30 APM | 351 actions | 11:42)
2 Paladin
1 Holy Light
1 Divine Shield
» actions
| Assign group hotkey | 2 | |
| Build / train | 39 | |
| Enter build submenu | 16 | |
| Enter hero's abilities submenu | 2 | |
| Remove unit from queue | 3 | |
| Right click | 148 | |
| Select / deselect | 110 | |
| Select group hotkey | 2 | |
| Use ability | 29 | |
351 total
» units
| Peasant | 13 | |
| Footman | 12 | |
| Priest | 2 | |
| Knight | 2 | |
29 total
» buildings
| Farm | 5 | |
| Altar of Kings | 1 | |
| Barracks | 3 | |
| Lumber Mill | 1 | |
| Keep | 1 | |
| Arcane Vault | 1 | |
| Castle | 1 | |
| Arcane Sanctum | 1 | |
| Scout Tower | 3 | |
| Guard Tower | 2 | |
| Blacksmith | 1 | |
20 total
» build order
00:44 Farm
00:54 Altar of Kings
01:15 Barracks
01:37 Farm
02:18 Lumber Mill
02:23 Farm
03:11 Keep
03:41 Farm
04:24 Arcane Vault
05:33 Castle
05:37 Arcane Sanctum
06:50 Barracks
07:36 Scout Tower
07:38 Scout Tower
07:43 Scout Tower
08:08 Guard Tower
08:10 Guard Tower
08:20 Blacksmith
09:38 Farm
09:40 Barracks
halo99 (
green | 43 APM | 879 actions | 20:24)
3 Dreadlord
1 Sleep
1 Carrion Swarm
1 Vampiric Aura
» actions
| Basic commands | 8 | |
| Build / train | 59 | |
| Enter build submenu | 16 | |
| Enter hero's abilities submenu | 3 | |
| Remove unit from queue | 1 | |
| Right click | 316 | |
| Select / deselect | 439 | |
| Use ability | 37 | |
879 total
» units
| Acolyte | 2 | |
| Ghoul | 18 | |
| Crypt Fiend | 7 | |
| Gargoyle | 6 | |
| Necromancer | 3 | |
36 total
» upgrades
| Unholy Armor | 1 | |
| Unholy Strength | 1 | |
| Creature Attack | 1 | |
| Necromancer Training | 1 | |
| Skeletal Longevity | 1 | |
5 total
» buildings
| Ziggurat | 7 | |
| Crypt | 1 | |
| Altar of Darkness | 1 | |
| Nerubian Tower | 4 | |
| Graveyard | 1 | |
| Tomb of Relics | 2 | |
| Halls of the Dead | 1 | |
| Temple of the Damned | 1 | |
18 total
» build order
00:41 Ziggurat
00:44 Ziggurat
00:49 Crypt
00:57 Altar of Darkness
01:39 Nerubian Tower
02:40 Ziggurat
02:44 Ziggurat
02:48 Ziggurat
03:15 Graveyard
03:50 Nerubian Tower
03:57 Nerubian Tower
04:09 Tomb of Relics
06:40 Tomb of Relics
08:36 Halls of the Dead
14:24 Ziggurat
14:25 Ziggurat
15:16 Temple of the Damned
18:13 Nerubian Tower
» items
| Rod of Necromancy | 1 | |
| Scroll of Town Portal | 2 | |
| Potion of Healing | 3 | |
| Potion of Mana | 2 | |
8 total
Chat log
(00:44 / Allies) justquitnow: one of you take oj
(00:49 / Allies) InvisibleDryad: rush?
(00:56 / Allies) 13elloNa: sure
(01:02 / Allies) 13elloNa: never played elf b4
(01:04 / Allies) 13elloNa: i cant
(01:41 / Allies) 13elloNa: so we rushing?
(01:44 / Allies) justquitnow: yes
(03:08 / Allies) justquitnow: lets go
(03:09 / Allies) justquitnow: bring oj
(03:48 / Allies) justquitnow: hurry upo
(03:54 / Allies) 13elloNa: omw
(03:57 / Allies) justquitnow: keep sending
(04:19 / Allies) justquitnow: come on!@!!
(04:44 / Allies) InvisibleDryad: b
(05:13 / Allies) justquitnow: macro blue wtf
(10:14 / Allies) justquitnow: gj guys
(10:19 / Allies) justquitnow: ill get siege for green
(12:50 / Allies) justquitnow: im there
(12:51 / Allies) 13elloNa: help
(12:52 / Allies) 13elloNa: tp
(13:12 / Allies) InvisibleDryad: b
(14:41 / Allies) justquitnow: get the fuck off follow
(15:17 / Allies) 13elloNa: meet?
(16:10 / Allies) justquitnow: fight
(16:59 / All) justquitnow: you can go anytime here
(18:28 / Allies) justquitnow: off follow man
(20:20 / All) halo99: I dont know wtf pink is doing
(20:29 / All) justquitnow: losing
(24:56 / All) InvisibleDryad: GG